 Dungeon Crawl Stone Soup version 0.17-a0-2127-g1cb09f6 (webtiles) character file.

919 ornom0n the Poker (level 8, -11/93 HPs)
             Began as a Human Chaos Knight on Oct 21, 2015.
             Mangled by an ogre
             ... wielding a +0 giant club
              (20 damage)
             ... on level 6 of the Dungeon on Oct 23, 2015.
             The game lasted 00:40:10 (4729 turns).

ornom0n the Poker (Human Chaos Knight)              Turns: 4729, Time: 00:40:11

Health: -11/93     AC: 26    Str: 11      XL:     8   Next: 31%
Magic:  8/8        EV:  2    Int: 11 (13) God:    Xom [..*...]
Gold:   180        SH:  0    Dex: 12      Spells: 0 memorised, 7 levels left

rFire  . . .     SeeInvis .     a - +2 spear (chaos)
rCold  . . .     Clarity  .     (armour currently unavailable)
rNeg   + + +     SustAt   .     (no shield)
rPois  +         Gourm    .     (helmet currently unavailable)
rElec  .         Spirit   .     (cloak currently unavailable)
rCorr  .         Warding  .     (gloves currently unavailable)
rMut   .         NoTele   +     (boots currently unavailable)
MR     +....                    (no amulet)
Stlth  +++.......               k - +2 ring of protection
                                l - ring of invisibility

@: tree-form, somewhat resistant to hostile enchantments, fairly stealthy
A: rugged brown scales 1, (yellow scales 0), magic resistance 1, weak 2
a: Renounce Religion, Evoke Invisibility


You were on level 6 of the Dungeon.
You worshipped Xom.
You were a toy of Xom.
You were full.
You were a tree.
You visited 1 branch of the dungeon, and saw 6 of its levels.

You collected 180 gold pieces.

Inventory:

Hand Weapons
 a - a +2 spear of chaos (weapon)
 f - a +0 hunting sling
Missiles
 d - 107 stones (quivered)
Armour
 b - a +0 chain mail (melded)
 p - a +1 hat
 u - a +0 helmet (melded)
Jewellery
 k - a +2 ring of protection (right branch)
 l - a ring of invisibility (left branch)
Wands
 g - a wand of flame (28)
 j - a wand of random effects (12)
 m - a wand of slowing (27)
Scrolls
 c - 3 scrolls of identify
 e - a scroll of fear {unknown}
 h - 6 scrolls of remove curse
 n - 2 scrolls of teleportation
 s - a scroll of enchant armour
Potions
 i - a potion of flight
 q - a potion of agility {unknown}
Comestibles
 r - 2 slices of pizza
 t - a royal jelly
 v - a meat ration


   Skills:
 + Level 4.8 Fighting
 + Level 4.9 Polearms
 + Level 1.0(1.7) Slings
 + Level 2.2(2.3) Throwing
 + Level 4.9 Armour
 + Level 3.3 Dodging
 + Level 2.9 Stealth


You had 7 spell levels left.
You didn't know any spells.

Dungeon Overview and Level Annotations

Branches:
Dungeon (6/15)
 Temple: D:4-7

Altars:
Ashenzari
Dithmenos


Innate Abilities, Weirdness & Mutations

(You are partially covered in rugged brown scales (AC +1, +3% HP).)
((You are partially covered in yellow scales (AC +2).))
You are resistant to hostile enchantments.
You are very weak. (Str -4)


Message History

You feel less confused. The ogre barely misses you.
You hit the ogre but do no damage.
The ogre is moderately wounded.
You hit the ogre.
The ogre spins around.
The ogre is heavily wounded.
The ogre closely misses you.
You hit the ogre.
The ogre flickers and vanishes!
Deactivating autopickup; reactivate with Ctrl-A.
You barely miss something. Something hits you!
* * * LOW HITPOINT WARNING * * *
You turn into a tree.
Your +0 helmet melds into your body.
Your +0 chain mail melds into your body.
Your roots penetrate the ground.
Something hits you.
* * * LOW HITPOINT WARNING * * *
You closely miss something. You barely miss something.
Something hits you but does no damage.
You hit something. You burn something. Something hits you!!
You die...
Xom laughs nastily!

##[#.###.........##...,*,*,
###.# #............#* , ,,
#.###..5......#### * *,
#.............# ** ,,, ,
#####.........###* , *
#............. ***,**
#.############ *#*,*
#.############((.(,,
#........♣{..(.>#***
#################


There were no monsters in sight!

Vanquished Creatures
  A yak (D:6)
  2 sky beasts
  A giant frog (D:6)
  A crimson imp (D:5)
  An orc wizard (D:5)
  A hound (D:3)
  2 giant frog skeletons (D:4)
  4 worker ants
  A worker ant zombie (D:5)
  9 adders
  6 gnolls
  2 oozes
  2 worms
  7 giant geckos
  6 orcs
  10 hobgoblins
  10 jackals
  5 kobolds
  A quokka (D:3)
  4 ball pythons
  7 bats
  A giant cockroach (D:3)
  3 giant gecko skeletons
  A giant gecko zombie (D:5)
  5 giant newts
  12 goblins
  A jackal skeleton (D:4)
  A jackal zombie (D:4)
  A quokka skeleton (D:6)
  7 rats
115 creatures vanquished.

Vanquished Creatures (collateral kills)
  A centaur skeleton (D:5)
  A worker ant (D:5)
2 creatures vanquished.

Vanquished Creatures (others)
  A quasit (D:5)
  A plant (D:5)
2 creatures vanquished.

Grand Total: 119 creatures vanquished

Notes
Turn   | Place    | Note
--------------------------------------------------------------
     0 | D:1      | ornom0n the Human Chaos Knight began the quest for the Orb.
     0 | D:1      | Reached XP level 1. HP: 18/18 MP: 1/1
   196 | D:1      | Reached XP level 2. HP: 20/24 MP: 2/2
   228 | D:1      | XOM: divination: magic mapping
   310 | D:1      | XOM: harmless Divn miscast
   348 | D:1      | Gained mutation: You are partially covered in yellow scales (AC +2). [potion of mutation]
   348 | D:1      | Gained mutation: Your flesh is heat resistant. [potion of mutation]
   348 | D:1      | Gained mutation: You are partially covered in rugged brown scales (AC +1, +3% HP). [potion of mutation]
   470 | D:2      | XOM: enchant monster (bad)
   479 | D:2      | Reached XP level 3. HP: 29/29 MP: 3/3
   615 | D:2      | XOM: smoke on damage
   618 | D:2      | XOM: polymorph adder -> worker ant
   637 | D:2      | XOM: mild Erth miscast
   640 | D:2      | XOM: confusion
   645 | D:2      | XOM: enchant monster (bad)
   649 | D:2      | XOM: blink monster(s)
   653 | D:2      | Reached XP level 4. HP: 21/36 MP: 4/4
  1162 | D:3      | Reached XP level 5. HP: 40/43 MP: 5/5
  1222 | D:3      | Reached skill level 1 in Throwing
  1316 | D:3      | XOM: colour smoke trail
  1447 | D:3      | Reached skill level 4 in Polearms
  1556 | D:3      | XOM: silly message
  1597 | D:3      | XOM: silly message
  1642 | D:3      | XOM: enchant monster (bad)
  1672 | D:3      | HP: 2/43 [poisoned by an adder]
  2028 | D:3      | Noticed Natasha
  2039 | D:3      | Noticed Natasha
  2039 | D:3      | Natasha changed into Natasha the worker ant
  2039 | D:3      | XOM: polymorph Natasha -> Natasha the worker ant
  2048 | D:3      | Killed Natasha the worker ant
  2048 | D:3      | Reached XP level 6. HP: 28/49 MP: 6/6
  2112 | D:3      | XOM: polymorph gnoll -> hound
  2475 | D:3      | Reached skill level 1 in Slings
  2511 | D:3      | XOM: medium Erth miscast
  2631 | D:3      | XOM: summons 3 hostile shadow creatures
  2705 | D:3      | XOM: colour smoke trail
  2818 | D:4      | XOM: medium Erth miscast
  2899 | D:4      | XOM: noise
  2904 | D:4      | Noticed a sky beast
  2904 | D:4      | a scorpion changed into a sky beast
  2904 | D:4      | XOM: polymorph scorpion -> sky beast
  2922 | D:4      | Killed a sky beast
  2922 | D:4      | Reached XP level 7. HP: 23/55 MP: 7/7
  3114 | D:4      | Upgraded the game from 0.17-a0-2122-g03d97ec to 0.17-a0-2127-g1cb09f6
  3135 | D:4      | Reached skill level 1 in Stealth
  3140 | D:4      | XOM: give mutations
  3140 | D:4      | Gained mutation: You are weak. (Str -2) [Xom's mischief]
  3140 | D:4      | Lost mutation: Your flesh is heat resistant. [Xom's mischief]
  3140 | D:4      | Gained mutation: Armour fits poorly on your strangely shaped body. [Xom's mischief]
  3290 | D:4      | XOM: noise
  3371 | D:4      | XOM: colour smoke trail
  3609 | D:5      | Entered Level 5 of the Dungeon
  3612 | D:5      | XOM: noise
  3649 | D:5      | XOM: enchant monster (good)
  3687 | D:5      | Found a shadowy altar of Dithmenos.
  3748 | D:5      | Found a shattered altar of Ashenzari.
  3752 | D:5      | Saw a vision of the Swamp and the Snake Pit.
  3752 | D:5      | Noticed a mana viper
  3752 | D:5      | Noticed a naga sharpshooter
  3752 | D:5      | Noticed a naga warrior
  3752 | D:5      | Noticed a black mamba
  3753 | D:5      | Noticed a black mamba
  3754 | D:5      | Noticed an anaconda
  3771 | D:5      | XOM: potion effect (brilliance)
  3781 | D:5      | XOM: polymorph orc -> giant gecko
  3787 | D:5      | XOM: give mutations
  3787 | D:5      | Lost mutation: Armour fits poorly on your strangely shaped body. [Xom's mischief]
  3787 | D:5      | Gained mutation: Your mind is acute. (Int +2) [Xom's mischief]
  3787 | D:5      | Gained mutation: You are very weak. (Str -4) [Xom's mischief]
  4204 | D:5      | XOM: give mutations
  4204 | D:5      | Gained mutation: You are resistant to hostile enchantments. [Xom's mischief]
  4204 | D:5      | Lost mutation: Your mind is acute. (Int +2) [Xom's mischief]
  4339 | D:5      | XOM: 2-stop teleportation journey
  4443 | D:5      | XOM: harmless Erth miscast
  4490 | D:5      | Reached XP level 8. HP: 62/62 MP: 8/8
  4618 | D:6      | Noticed Prince Ribbit
  4627 | D:6      | Noticed Prince Ribbit
  4627 | D:6      | Prince Ribbit changed into Prince Ribbit the yak
  4627 | D:6      | XOM: polymorph Prince Ribbit -> Prince Ribbit the yak
  4630 | D:6      | XOM: confuse monster(s)
  4639 | D:6      | Killed Prince Ribbit the yak
  4676 | D:6      | XOM: summons 2 friendly demons
  4713 | D:6      | XOM: confusion
  4718 | D:6      | XOM: divination: magic mapping
  4729 | D:6      | Mangled by an ogre

Vault maps used:
D:1:      ncdulo_halloftheorcs, monster_avoids_cloud
D:2:      columned_hall_lemuel
D:3:      uniq_natasha
D:4:      first_bread, hangedman_decor_peaks_small,
          hangedman_abyss_or_decor_passed
D:5:      old_standard_altar, grunt_ashenzari_visionary
D:6:      st_stairs_9, lemuel_tele_altar, uniq_prince_ribbit1

Action                   |  1- 3 |  4- 6 |  7- 9 || total
-------------------------+-------+-------+-------++-------
Melee: Spear             |    91 |   248 |   127 ||   466
 Fire: Hunting sling     |       |     7 |       ||     7
Throw: Stone             |    31 |    29 |    41 ||   101
Evoke: Wand              |       |     1 |       ||     1
  Use: Scroll            |     6 |     5 |     3 ||    14
       Potion            |     3 |     3 |     4 ||    10
 Stab: Confused          |       |     1 |     2 ||     3
       Paralysed         |       |     7 |     4 ||    11
       Petrifying        |       |     1 |       ||     1
       Petrified         |       |     1 |       ||     1
  Eat: Bread ration      |       |     1 |     1 ||     2
       Royal jelly       |       |     1 |       ||     1
       Meat ration       |       |       |     1 ||     1
       Beef jerky        |       |       |     1 ||     1
       Chunk             |       |       |     1 ||     1
